 Seeded DCSS version 0.30.0-30-g96aa6591b8 (webtiles) character file.

Game seed: 7362393413550530672 (custom seed)

705122 valliere the Draconian Blade (level 27, -1/248 HPs)
             Began as a Red Draconian Fighter on June 27, 2023.
             Was an Initiate of Gozag.
             Slain by an iron golem (60 damage)
             ... led by an iron giant
             ... on level 6 of the Iron City of Dis on June 29, 2023.
             The game lasted 05:00:59 (67478 turns).

valliere the Draconian Blade (DrFi)                Turns: 67478, Time: 05:01:00

Health: -1/248     AC: 18    Str: 18    XL:     27
Magic:  43/48      EV: 45    Int: 13    God:    Gozag
Gold:   11567      SH: 24    Dex: 37    Spells: 36/50 levels left

rFire   + + .        K - +5 double sword (chaos)
rCold   + + +        L - +5 Storm Queen's Shield {shock, Fly rElec}
rNeg    + + +        (body armour unavailable)
rPois   +            f - -2 hat of the Alchemist {rElec rPois rF+ rC+ rN+ Will+ rMut rCorr}
rElec   +            s - +4 cloak of the Game of Kings {rN+}
rCorr   +            H - +0 pair of fencer's gloves {Riposte Dex+3}
SInv    +            V - +0 pair of boots of Gallantry {rC++ Regen+}
Will    +++..        M - amulet of Conformity {rPois rN+ Regen+ Int+4 SInv}
Stlth   ++++++++     O - ring of the Sunfish {rPois rN+ MP+9 Dex+7}
HPRegen 2.21/turn    C - ring "Ugotaar" {EV+5 Slay+3 Stlth+}
MPRegen 0.31/turn

%: resist mutation
@: ice-armoured, gold aura, flying, studying Polearms, corroded
A: breathe fire, AC +13, unfitting armour, fire resistance 1, cold-blooded,
hooves 1, horns 1, stinger 1, agile 1
}: 5/15 runes: decaying, slimy, silver, golden, gossamer
a: Breathe Fire, Renounce Religion, Potion Petition, Call Merchant, Bribe Branch


You were on level 6 of the Iron City of Dis.
You worshipped Gozag.
Gozag was extremely pleased with you.
You visited 15 branches of the dungeon, and saw 66 of its levels.
You visited the Abyss 2 times.
You also visited: Trove.

You collected 35077 gold pieces.
You spent 6176 gold pieces at shops.
You paid 17334 gold pieces to Gozag.

Inventory:

Hand Weapons
 g - the +8 scimitar "Dusablo" {flame, SInv Stlth+}
   (You bought it in a shop on level 15 of the Dungeon)

   SInv:      It lets you see invisible.
   Stlth:     It makes you more stealthy.
 x - the +4 falchion "Pyadiun" {antimagic, Contam rPois rN++ Int+2}
   (You bought it in a shop on level 4 of the Realm of Zot)

   Int:       It affects your intelligence (+2).
   rPois:     It protects you from poison.
   rN:        It greatly protects you from negative energy.
   Contam:    It causes magical contamination when unequipped.
 K - a +5 double sword of chaos (weapon)
 N - a +3 demon blade of draining
Missiles
 B - 8 throwing nets (quivered)
Armour
 f - the -2 hat of the Alchemist (worn) {rElec rPois rF+ rC+ rN+ Will+ rMut rCorr}
   (You bought it in a shop on level 5 of the Realm of Zot)

   rF:        It protects you from fire.
   rC:        It protects you from cold.
   rElec:     It insulates you from electricity.
   rPois:     It protects you from poison.
   rN:        It protects you from negative energy.
   rCorr:     It protects you from acid and corrosion.
   rMut:      It protects you from mutation.
   Will:      It increases your willpower.
 s - the +4 cloak of the Game of Kings (worn) {rN+}
   (You found it on level 3 of the Lair of Beasts)

   rN:        It protects you from negative energy.
 H - the +0 pair of fencer's gloves (worn) {Riposte Dex+3}
   (You bought it in a shop on level 2 of the Dungeon)

   Riposte:   It allows the wearer to riposte with melee weapons, swiftly
   retaliating against missed or blocked melee attacks.
   Dex:       It affects your dexterity (+3).
 L - the +5 Storm Queen's Shield (worn) {shock, Fly rElec}
   (You found it on level 9 of the Dungeon)

   Shock:     When it blocks an attack, it may electrocute the attacker.
   This works even against foes who are a short distance away.
   rElec:     It insulates you from electricity.
   Fly:       It grants you flight.
 V - the +0 pair of boots of Gallantry (worn) {rC++ Regen+}
   (You found it on level 4 of the Spider Nest)

   rC:        It greatly protects you from cold.
   Regen:     It increases your rate of health regeneration.
Jewellery
 l - the ring of the Equinox {rElec rF+++ Str-3 Dex+6}
   (You found it in a treasure trove)

   [ring of dexterity]

   Str:       It affects your strength (-3).
   Dex:       It affects your dexterity (+6).
   rF:        It renders you almost immune to fire.
   rElec:     It insulates you from electricity.
 A - the necklace of Bloodlust {Fury *Rage Will++ Int-3 Slay+6}
   (You found it in a treasure trove)

   [amulet of nothing]

   Fury:      It extends the wearer's berserk rage when killing foes.
   Int:       It affects your intelligence (-3).
   Slay:      It affects your accuracy & damage with ranged weapons and melee
   (+6).
   *Rage:     It berserks you when you make melee attacks (+50% chance).
   Will:      It greatly increases your willpower.
 C - the ring "Ugotaar" (right hand) {EV+5 Slay+3 Stlth+}
   (You found it in a treasure trove)

   [ring of evasion]

   EV:        It affects your evasion (+5).
   Slay:      It affects your accuracy & damage with ranged weapons and melee
   (+3).
   Stlth:     It makes you more stealthy.
 J - the ring of Accord {Will+ MP+9 EV+5}
   (You found it on level 5 of the Vaults)

   [ring of evasion]

   EV:        It affects your evasion (+5).
   MP:        It affects your magic capacity (+9).
   Will:      It increases your willpower.
 M - the amulet of Conformity (around neck) {rPois rN+ Regen+ Int+4 SInv}
   (You took it off a spriggan berserker on level 2 of the Depths)

   [amulet of regeneration]

   Int:       It affects your intelligence (+4).
   rPois:     It protects you from poison.
   rN:        It protects you from negative energy.
   SInv:      It lets you see invisible.
   Regen:     It increases your rate of health regeneration.
 O - the ring of the Sunfish (left hand) {rPois rN+ MP+9 Dex+7}
   (You found it on level 5 of the Pits of Slime)

   [ring of magical power]

   Dex:       It affects your dexterity (+7).
   rPois:     It protects you from poison.
   rN:        It protects you from negative energy.
   MP:        It affects your magic capacity (+9).
 W - the ring "Heqov" {rN+ Will+ Int+5}
   (You found it on level 3 of the Crypt)

   [ring of positive energy]

   Int:       It affects your intelligence (+5).
   rN:        It protects you from negative energy.
   Will:      It increases your willpower.
Wands
 n - a wand of flame (119)
 p - a wand of acid (29)
 t - a wand of paralysis (83)
 E - a wand of polymorph (68)
 F - a wand of iceblast (53)
 P - a wand of mindburst (38)
 Y - a wand of digging (19)
Scrolls
 a - 30 scrolls of identify
 b - 8 scrolls of fog
 d - 22 scrolls of teleportation
 e - 11 scrolls of enchant armour
 w - 16 scrolls of magic mapping
 y - 7 scrolls of fear
 D - 4 scrolls of blinking
 G - 4 scrolls of amnesia
 R - 11 scrolls of silence
 T - 5 scrolls of poison
 X - a scroll of summoning
 Z - a scroll of immolation
Potions
 c - 8 potions of might
 h - 6 potions of magic
 i - 31 potions of curing
 j - 6 potions of heal wounds
 m - 3 potions of resistance
 o - 5 potions of cancellation
 u - 10 potions of haste
 v - 10 potions of lignification
 z - 12 potions of brilliance
 I - 8 potions of berserk rage
 S - 2 potions of invisibility
 U - 10 potions of ambrosia
Miscellaneous
 k - a figurine of a ziggurat
 q - the horn of Geryon
 Q - a condenser vane


   Skills:
 - Level 20.6 Fighting
 - Level 16.9(21.7) Short Blades
 - Level 22.3(24.3) Long Blades
 - Level 20.2 Dodging
 - Level 15.4 Stealth
 - Level 17.3 Shields
 - Level 12.3 Spellcasting
 - Level 8.4 Conjurations
 * Level 15.7 Hexes
 - Level 12.2 Translocations
 - Level 12.3 Ice Magic
 - Level 8.4 Air Magic
 - Level 9.5 Evocations


You had 36 spell levels left.
You knew the following spells:

 Your Spells              Type           Power      Damage    Failure   Level
a - Blink                 Tloc           78%        N/A       1%          2
b - Ozocubu's Armour      Ice            40%        N/A       1%          3
c - Freezing Cloud        Conj/Ice/Air   16%        6-21      6%          5
d - Manifold Assault      Tloc           39%        N/A       1%          4

Your spell library contained the following spells:

 Spells                   Type           Power      Damage    Failure   Level
 Apportation              Tloc           78%        N/A       1%          1
 Magic Dart               Conj           100%       1d8       1%          1
 Ensorcelled Hibernation  Hex/Ice        88%        N/A       1%          2
 Lesser Beckoning         Tloc           78%        N/A       1%          2
 Momentum Strike          Conj/Tloc      68%        3d9       1%          2
 Static Discharge         Conj/Air       60%        2-5/arc   1%          2
 Dazzling Flash           Conj/Hex       78%        N/A       1%          3
 Frozen Ramparts          Ice            80%        1d13      1%          3
 Hailstorm                Conj/Ice       35%        3d9       1%          3
 Inner Flame              Hex/Fire       28%        N/A       1%          3
 Portal Projectile        Hex/Tloc       88%        N/A       1%          3
 Summon Guardian Golem    Hex/Summ       28%        N/A       1%          3
 Swiftness                Air            30%        N/A       1%          3
 Vhi's Electric Charge    Tloc/Air       68%        N/A       1%          3
 Cause Fear               Hex            24%        N/A       1%          4
 Metabolic Englaciation   Hex/Ice        22%        N/A       1%          5
 Silence                  Hex/Air        19%        N/A       2%          5
 Poisonous Vapours        Pois/Air       38%        N/A       3%          2
 Mephitic Cloud           Conj/Pois/Air  22%        N/A       3%          3
 Airstrike                Air            15%        2d(3-19)  4%          4
 Anguish                  Hex/Necr       14%        N/A       4%          4
 Cigotuvi's Dreadful Rot  Necr/Pois/Air  30%        N/A       6%          2
 Stone Arrow              Conj/Erth      38%        3d9       7%          3
 Ice Form                 Ice/Tmut       24%        N/A       11%         4
 Summon Ice Beast         Ice/Summ       24%        N/A       11%         4
 Arcjolt                  Conj/Air       15%        1d25      11%         5
 Iskenderun's Battlesphe  Conj           30%        2d8       11%         5
 Necrotise                Necr           32%        1d5       13%         1
 Sandblast                Erth           16%        2d6       13%         1
 Sting                    Tmut/Pois      32%        1d4       13%         1
 Summon Small Mammal      Summ           32%        N/A       13%         1
 Summon Mana Viper        Hex/Summ       28%        N/A       14%         5
 Yara's Violent Unravell  Hex/Tmut       14%        3d7       14%         5
 Enfeeble                 Hex            24%        N/A       17%         7
 Call Imp                 Summ           16%        N/A       19%         2
 Passwall                 Tmut/Erth      6%         N/A       19%         2
 Sublimation of Blood     Necr           8%         N/A       19%         2
 Flame Wave               Conj/Fire      19%        2d7       22%         4
 Sticky Flame             Conj/Fire      19%        2d4       22%         4
 Summon Lightning Spire   Summ/Air       19%        N/A       22%         4
 Summon Forest            Summ/Tloc      11%        N/A       28%         5
 Call Canine Familiar     Summ           8%         N/A       36%         3
 Ignite Poison            Fire/Tmut/Pois 8%         N/A       36%         3
 Spider Form              Tmut/Pois      8%         N/A       36%         3
 Vampiric Draining        Necr           8%         2d6       36%         3
 Conjure Ball Lightning   Conj/Air       15%        3x3d6     52%         6
 Irradiate                Conj/Tmut      9%         3d14      54%         5
 Ozocubu's Refrigeration  Ice            20%        4d11      56%         7
 Dispel Undead            Necr           8%         3d8       77%         4
 Olgreb's Toxic Radiance  Pois           8%         N/A       77%         4
 Petrify                  Tmut/Erth      8%         N/A       77%         4
 Discord                  Hex            24%        N/A       78%         8
 Agony                    Necr           8%         N/A       98%         5
 Alistair's Intoxication  Tmut/Pois      5%         N/A       98%         5
 Blade Hands              Tmut           4%         N/A       98%         5
 Borgnjor's Vile Clutch   Necr/Erth      4%         N/A       98%         5
 Iron Shot                Conj/Erth      9%         9d3       98%         6
 Plasma Beam              Fire/Air       9%         2x1d22    98%         6
 Orb of Destruction       Conj           15%        9d7       98%         7
 Disjunction              Tloc           19%        N/A       99%         8
 Death Channel            Necr           4%         N/A       100%        6
 Eringya's Noxious Bog    Tmut/Pois      4%         N/A       100%        6
 Statue Form              Tmut/Erth      5%         N/A       100%        6
 Dragon Form              Tmut           4%         N/A       100%        7
 Malign Gateway           Summ/Tloc      11%        N/A       100%        7
 Monstrous Menagerie      Summ           4%         N/A       100%        7
 Spellforged Servitor     Conj/Summ      9%         N/A       100%        7
 Storm Form               Tmut/Air       9%         N/A       100%        7
 Summon Hydra             Summ           4%         N/A       100%        7
 Borgnjor's Revivificati  Necr           4%         N/A       100%        8
 Infestation              Necr           4%         N/A       100%        8
 Lehudib's Crystal Spear  Conj/Erth      9%         10d4      100%        8
 Maxwell's Capacitive Co  Air            15%        ∞         100%        8
 Necromutation            Tmut/Necr      4%         N/A       100%        8
 Summon Horrible Things   Summ           4%         N/A       100%        8
 Chain Lightning          Conj/Air       15%        3d20      100%        9
 Death's Door             Necr           4%         N/A       100%        9
 Dragon's Call            Summ           4%         N/A       100%        9
 Polar Vortex             Ice            20%        N/A       100%        9
 Animate Armour           Summ/Erth      Unusable   N/A       N/A         4
 Animate Dead             Necr           Unusable   N/A       N/A         4
 Simulacrum               Ice/Necr       Unusable   N/A       N/A         6

Dungeon Overview and Level Annotations

Branches:
Dungeon (15/15)            Temple (1/1) D:5            Lair (5/5) D:10
  Swamp (4/4) Lair:2       Spider (4/4) Lair:2        Slime (5/5) Lair:4
    Orc (2/2) D:9             Elf (3/3) Orc:2        Vaults (5/5) D:13
  Crypt (3/3) Vaults:3       Tomb (3/3) Crypt:3      Depths (4/4) D:15
   Hell (visited)             Dis (6/7) Hell            Zot (5/5) Depths:4
    Geh: Hell:1         Coc: Hell:1         Tar: Hell:1

Altars:
Ashenzari
Cheibriados
Dithmenos
Elyvilon
Fedhas
Gozag
Hepliaklqana
Kikubaaqudgha
Makhleb
Nemelex Xobeh
Okawaru
Qazlal
Ru
Sif Muna
Trog
Uskayaw
Vehumet
Wu Jian
Xom
Yredelemnul
Zin
The Shining One
Jiyva

Shops:
D:2 *   D:13 *   D:14 *   D:15 *   Orc:1 :*   Orc:2 ([*:   Elf:1 !   Elf:2 :?
Vaults:4 :   Vaults:5 !   Zot:4 *?   Zot:5 [([   Depths:1 [   Depths:3 *

Portals:
Hell: Depths:1 Depths:2 Depths:3 Depths:4
Abyss: Depths:3
Pandemonium: Depths:2
Ziggurat: Depths:4

Annotations:
D:7 1 runed translucent door, exclusions: 3 centaurs and 1 more exclusion, Crazy Yiuf
D:8 2 transporters, AgateBread's ghost, novice HOFi
D:9 1 transporter
Lair:2 exclusion: oklob plant
Swamp:3 Roxanne
Swamp:4 1 runed translucent door, Oddbjorg's ghost, adept KoBe
Spider:4 2 transporters, growler's ghost, adept MfTm


Innate Abilities, Weirdness & Mutations

You can breathe blasts of fire.
Your fiery red scales are hard. (AC +13)
You cannot fit into any form of body armour.
Your flesh is heat resistant. (rF+)
You are cold-blooded and may be slowed by cold attacks.
You have large cloven feet.
You have a pair of small horns on your head.
Your tail ends in a venomous barb.
You are agile. (Dex +4, Str/Int -1)


Message History

Casting: Ozocubu's Armour (safe; 1% risk of failure)
Confirm with . or Enter, or press ? or * to list all spells.
Space momentarily warps into an impossible shape!
You carve the ancient champion like a ham!!!
You destroy the ancient champion!
You hit the iron giant but do no damage.
The iron giant seems to speed up.
You closely miss the iron golem. The iron giant completely misses you.
You block the iron golem's attack.
You riposte.
You closely miss the iron golem. Your headbutt misses the iron golem.
You tail-slap the iron golem, but do no damage.
The iron golem is severely damaged.
Your shield discharges, shocking the iron golem!
The iron golem completely resists.
You block the iron golem's attack.
Your shield discharges, shocking the iron golem!
The iron golem completely resists.
The iron giant hits you with a +0 giant spiked club!
* * * LOW HITPOINT WARNING * * *
Unknown command.
Okay, then. [a] - 232 gold - heal wounds and curing [b] - 810 gold - heal wounds, berserk rage, lignification, might and resistance [c] - 900 gold - resistance, invisibility, brilliance and magic Purchase which effect?
You feel much better.
You feel better.
The iron giant is distracted by your dazzling golden aura.
The iron golem closely misses you. You block the iron golem's attack.
The iron giant shouts!
Unknown command.
Unknown command.
You open the iron giant like a pillowcase!!!
The iron giant is no longer distracted by gold.
The iron giant resists with almost no effort.
You headbutt the iron giant, but do no damage.
The iron giant is severely wounded.
The iron giant hits you with a +0 giant spiked club!!
* * * LOW HITPOINT WARNING * * *
The iron golem hits you!!!
You die...
Your body crumbles into a pile of gold.

#### ####
#..########...#
#.∩.....#....#
#.....^.#....#
#.^.....#....#
+.......#C9..#
#.......'@9..#
###..######..#
#..+ .... #..#
#### ##+#


You could see 2 iron golems and an iron giant (berserk, fast, strong, agile).

Vanquished Creatures
  the Royal Jelly (Slime:5)
  Dissolution (Slime:5)
  2 dread liches (Zot:5)
  3 orbs of fire (Zot:5)
  An ancient lich (Vaults:5)
  5 royal mummies
  Parghit (Zot:4)
  Boris (twice) (Vaults:3 Tomb:1)
  Bai Suzhen (Vaults:5)
  3 Killer Klowns
  Saint Roka (Crypt:1)
  Xtahua (Crypt:2)
  3 curse toes
  16 caustic shrikes
  10 golden dragons
  The ghost of erynZofia the Slayer, an adept MiBe of Trog (Vaults:3)
  Geryon (Hell)
  Arachne (Spider:4)
  Jory (Crypt:2)
  5 bone dragons
  2 Tzitzimimeh (Hell)
  2 electric golems
  Jorgrun (D:14)
  4 iron giants
  5 doom hounds (Hell)
  A hellephant (Abyss:2)
  22 tentacled monstrosities
  6 Hell Sentinels
  5 liches
  21 Orb Guardians (Zot:5)
  6 titans
  2 deep elf blademasters
  2 walking divine tomes
  4 quicksilver dragons
  A walking frostbound tome (Depths:3)
  18 acid blobs
  21 ancient champions
  A tentacled starspawn (Abyss:2)
  10 sphinxes
  Frances (D:14)
  4 tengu reavers
  3 thorn hunters (Swamp:4)
  6 death cobs
  11 shadow dragons
  17 storm dragons
  The ghost of Wyiwo the Severer, an adept FoFi of Dithmenos (D:15)
  5 revenants
  4 azure jellies (Slime:5)
  4 rockslimes
  4 draconian monks
  14 fire giants
  3 fenstrider witches
  4 frost giants
  19 vault wardens
  8 draconian knights
  3 iron dragons
  5 deep elf elementalists (Elf:3)
  4 deep elf sorcerers
  8 emperor scorpions
  Louise (Swamp:1)
  8 draconian scorchers
  9 quicksilver elementals
  9 draconian stormcallers
  6 orc warlords
  7 ghost moths
  A caustic shrike zombie (Crypt:3)
  7 ghouls
  A juggernaut zombie (Crypt:3)
  4 draconian shifters
  6 curse skulls
  5 draconian annihilators
  8 reapers
  13 quicksilver oozes
  5 broodmothers
  21 ironbound preservers
  7 vampire knights
  A caustic shrike skeleton (Hell)
  A juggernaut skeleton (Depths:3)
  16 stone giants
  11 war gargoyles
  25 very ugly things
  4 deep elf demonologists (Elf:3)
  6 ironbound thunderhulks
  21 green draconians
  4 purple draconians
  2 putrid mouths (Hell)
  9 black draconians
  5 deep elf annihilators
  7 bunyips
  4 eleionomae
  7 iron golems
  8 yellow draconians
  9 bennus
  8 dire elephants
  21 white draconians
  9 red draconians
  An eidolon (Crypt:1)
  2 lorocyprocas (Hell)
  11 ettins
  10 spark wasps
  A green death (Hell)
  21 mummy priests
  3 deep elf death magi
  2 merfolk javelineers
  A quicksilver dragon zombie (Crypt:3)
  A fire dragon (shapeshifter) (Vaults:5)
  A crystal guardian (Vaults:4)
  5 entropy weavers
  Josephine (Spider:1)
  11 fire dragons
  2 merfolk impalers
  12 deep elf high priests
  6 yaktaur captains
  16 hydras
  16 great orbs of eyes
  17 jiangshi
  2 spriggan zombies
  44 vault guards
  2 peacekeepers (Vaults:4)
  A rakshasa (Depths:1)
  A spriggan air mage (Depths:2)
  6 ice dragons
  2 catoblepae
  4 centaur warriors
  A quicksilver dragon skeleton (Crypt:3)
  A jorogumo (Spider:2)
  5 ogre magi
  2 ghost crabs
  2 two-headed ogres (shapeshifter) (Depths:2)
  7 ironbound frosthearts
  6 two-headed ogres
  A bennu zombie (Crypt:3)
  29 dancing weapons
  Erica (D:9)
  8 alligators
  4 boulder beetles
  2 death knights (Crypt:2)
  3 radroaches
  11 deep troll shamans
  26 death scarabs
  5 vampire magi
  A hell hog (Hell)
  9 deep troll earth magi
  6 tengu warriors
  7 orc high priests
  4 spriggan berserkers
  A storm dragon zombie (Depths:3)
  11 hell knights
  5 soul eaters
  4 crystal echidnas
  23 deep elf knights
  3 thrashing horrors (Abyss:3)
  7 sun demons
  18 iron trolls
  2 sixfirhies (Depths:2)
  A wretched star (Abyss:2)
  5 shadow wraiths
  19 skeletal warriors
  A golden dragon zombie (Depths:3)
  A shadow demon (Zot:5)
  9 goliath frogs
  10 flayed ghosts
  8 pharaoh ants
  83 deep trolls
  A death drake (Vaults:1)
  2 spriggan druids
  A sea snake (Vaults:1)
  16 deep elf archers
  4 glowing orange brains
  11 swamp dragons
  10 orb spiders
  28 deep elf pyromancers
  6 bog bodies
  A spriggan simulacrum (Abyss:3)
  An iron giant skeleton (Hell)
  A bunyip skeleton (Tomb:3)
  A harpy (shapeshifter) (D:14)
  11 lindwurms
  10 necromancers
  11 ironbound convokers
  7 wizards
  41 deep elf zephyrmancers
  10 phantasmal warriors
  An obsidian statue (Zot:5)
  A mana viper (Vaults:1)
  16 orc knights
  6 orc sorcerers
  3 steelbarb worms
  A lindwurm (shapeshifter) (Vaults:5)
  A mana viper (shapeshifter) (Vaults:5)
  11 wolf spiders
  3 shining eyes
  4 will-o-the-wisps
  A stone giant zombie (Hell)
  41 ugly things
  4 cyclopes
  4 manticores
  A salamander (shapeshifter) (D:15)
  4 large abominations
  An iron dragon skeleton (Crypt:3)
  Maurice (D:11)
  19 moths of wrath
  3 rust devils
  15 elephants
  A guardian serpent (Lair:5)
  An apocalypse crab (Abyss:2)
  2 eyes of devastation
  127 slime creatures
  4 smoke demons
  10 black mambas
  A white draconian zombie (Crypt:2)
  2 gargoyles
  A cane toad (shapeshifter) (D:13)
  7 demonic crawlers
  19 vault sentinels
  A dire elephant zombie (Crypt:3)
  16 cane toads
  3 torpor snails
  3 rime drakes
  A shock serpent skeleton (Crypt:2)
  8 hellions
  Maggie (D:7)
  A pale draconian zombie (Crypt:2)
  4 kobold demonologists (D:13)
  An unseen horror (shapeshifter) (D:13)
  A centaur skeleton (Hell)
  27 yaktaurs
  5 komodo dragons
  7 freezing wraiths
  3 tormentors
  An anaconda simulacrum (Hell)
  An ice devil (Depths:2)
  An iron troll zombie (Crypt:2)
  An efreet (D:14)
  22 guardian mummies
  A tengu conjurer (D:13)
  6 starcursed masses (Abyss:3)
  A purple draconian zombie (Crypt:1)
  A queen bee (shapeshifter) (D:12)
  A tengu simulacrum (Hell)
  4 meliai
  17 hornets
  8 tyrant leeches
  11 polar bears
  5 trolls
  A culicivora zombie (Crypt:2)
  17 tarantellas
  19 blink frogs
  A raiju (shapeshifter) (Depths:3)
  17 culicivoras
  22 flying skulls
  A culicivora (shapeshifter) (D:15)
  8 water elementals
  5 spriggans
  32 jumping spiders
  53 yaks
  A shadow (D:12)
  6 ushabtiu
  2 air elementals
  4 golden eyes
  16 wyverns
  A dire elephant simulacrum (Hell)
  8 wraiths
  Grum (D:11)
  A human (shapeshifter) (Elf:1)
  7 fire elementals
  43 redbacks
  10 basilisks
  3 steam dragons
  27 vampire mosquitoes
  A naga zombie (Hell)
  18 swamp worms
  2 chaos spawn
  Menkaure (D:7)
  A fire bat zombie (Crypt:2)
  5 acid dragons
  6 wargs
  A glowing shapeshifter skeleton (Crypt:1)
  17 hell hounds (Lair:5)
  49 water moccasins
  4 floating eyes
  2 ice beasts
  3 swamp drakes (Swamp:4)
  16 black bears
  29 orc warriors
  A swamp dragon zombie (Crypt:1)
  6 ogres
  5 boggarts (Vaults:3)
  A boggart (shapeshifter) (Vaults:5)
  23 wolves
  7 centaurs
  A hog skeleton (Crypt:3)
  2 phantoms
  10 kobold brigands
  Blork the orc (D:5)
  2 earth elementals (Elf:1)
  2 necrophages
  A gnoll sergeant (D:11)
  6 scorpions
  A cyclops zombie (Crypt:2)
  A naga simulacrum (Hell)
  2 small abominations (Abyss:3)
  8 bullfrogs
  A komodo dragon skeleton (Crypt:1)
  8 wights
  A troll zombie (Crypt:1)
  13 killer bees
  3 electric eels
  5 howler monkeys
  2 quasits
  A lava snake (Lair:2)
  17 orc priests
  A sleepcap (D:6)
  A hound (D:5)
  An iron imp (Abyss:2)
  4 jellies
  5 iguanas
  41 orc wizards
  A scorpion zombie (Crypt:3)
  5 hell rats (Hell)
  An ogre zombie (Crypt:1)
  A tengu skeleton (Crypt:3)
  A naga skeleton (Crypt:3)
  25 mummies
  13 gnolls
  31 adders
  A shadow imp (D:5)
  2 white imps
  An ufetubus (D:6)
  An adder skeleton (Crypt:1)
  2 worms (D:2)
  2 dart slugs
  74 orcs
  13 endoplasms
  3 giant cockroaches
  9 hobgoblins
  2 jackals (D:2)
  4 quokkas
  A river rat zombie (Crypt:2)
  4 ball pythons
  3 bats (D:1)
  4 frilled lizards
  A giant cockroach zombie (Crypt:2)
  4 goblins
  15 kobolds
  A kobold skeleton (Crypt:1)
  9 rats
  2 fire vortices
2705 creatures vanquished.

Vanquished Creatures (collateral kills)
  A royal mummy (Tomb:3)
  An ancient champion (Tomb:3)
  A bennu (Tomb:3)
  2 mummy priests (Tomb:3)
  2 death scarabs (Tomb:3)
  A skeletal warrior (Tomb:3)
  6 guardian mummies (Tomb:3)
  A flying skull (Tomb:3)
  A mummy (Tomb:3)
16 creatures vanquished.

Vanquished Creatures (others)
  3 royal mummies (Tomb:3)
  A golden dragon (Zot:2)
  An ancient champion (Tomb:3)
  A draconian knight (Zot:3)
  A deep elf annihilator (Elf:3)
  3 mummy priests (Tomb:3)
  A hydra (Swamp:4)
  A spriggan berserker (Depths:4)
  2 deep elf knights
  A skeletal warrior (Tomb:3)
  A deep elf archer (Elf:1)
  A deep elf zephyrmancer (Elf:3)
  6 guardian mummies (Tomb:3)
  2 bloated husks
  5 ushabtiu
  An ogre (Crypt:1)
  An orc wizard (Crypt:1)
  7 mummies (Tomb:3)
  2 orcs (Crypt:1)
  6 foxfires
  4 starspawn tentacles (Abyss:2)
51 creatures vanquished.

Grand Total: 2772 creatures vanquished

Notes
Turn   | Place    | Note
-------+----------+-------------------------------------------
     0 | D:1      | valliere the Draconian Fighter began the quest for the Orb.
     0 | D:1      | Reached XP level 1. HP: 19/19 MP: 1/1
   136 | D:1      | Reached XP level 2. HP: 9/26 MP: 2/2
   528 | D:1      | Reached XP level 3. HP: 26/31 MP: 3/3
   733 | D:1      | Reached skill level 1 in Short Blades
  1174 | D:2      | Found Izyjijyc's Assorted Antiques.
  1441 | D:2      | Reached XP level 4. HP: 39/40 MP: 4/4
  1445 | D:2      | Reached skill level 3 in Long Blades
  2380 | D:3      | Reached XP level 5. HP: 25/46 MP: 5/5
  3180 | D:4      | Reached skill level 4 in Long Blades
  3289 | D:4      | Found a shimmering altar of Xom.
  3289 | D:4      | Found a broken altar of Ashenzari.
  3289 | D:4      | Found a stormy altar of Qazlal.
  3356 | D:4      | Reached XP level 6. HP: 52/52 MP: 6/6
  4029 | D:5      | Entered Level 5 of the Dungeon
  4029 | D:5      | Noticed a water moccasin
  4039 | D:5      | Killed a water moccasin
  4040 | D:5      | Your scales start taking on a fiery red colour.
  4040 | D:5      | Reached XP level 7. HP: 54/60 MP: 7/7
  4040 | D:5      | Gained mutation: Your flesh is heat resistant. (rF+) [Red
                  | Draconian growth]
  4098 | D:5      | Reached skill level 5 in Long Blades
  4361 | D:5      | Reached skill level 5 in Fighting
  4534 | D:5      | Found an opulent altar of Gozag.
  4534 | D:5      | Found a sparkling altar of Nemelex Xobeh.
  4547 | D:5      | Became a worshipper of Gozag Ym Sagoz the Greedy
  4803 | D:5      | Found a staircase to the Ecumenical Temple.
  4814 | Temple   | Entered the Ecumenical Temple
  5283 | D:5      | Reached XP level 8. HP: 67/68 MP: 8/8
  5387 | D:5      | Noticed Blork the orc
  5393 | D:5      | Killed Blork the orc
  5709 | D:6      | Reached skill level 6 in Long Blades
  5851 | D:6      | Reached skill level 5 in Shields
  5975 | D:6      | HP: 3/61 [wight/+4 dire flail (14)]
  6909 | D:7      | Reached skill level 5 in Dodging
  6976 | D:7      | Reached skill level 7 in Long Blades
  7161 | D:7      | Reached XP level 9. HP: 69/75 MP: 9/9
  7316 | D:7      | Noticed Menkaure
  7327 | D:7      | Killed Menkaure
  7587 | D:7      | Noticed Maggie
  7620 | D:7      | Killed Maggie
  7912 | D:7      | Found a runed translucent door.
  7913 | D:7      | Noticed Crazy Yiuf
  8408 | D:8      | Reached skill level 5 in Short Blades
  8443 | D:8      | Identified the ring of Xami Eff {rPois rN+ Dex+2 SInv
                  | Stlth-}
  8519 | D:8      | Reached skill level 8 in Long Blades
  9036 | D:2      | Bought the +0 pair of fencer's gloves {Riposte Dex+3} for
                  | 840 gold pieces
  9036 | D:2      | Found the +0 pair of fencer's gloves {Riposte Dex+3}
  9196 | D:8      | Found a white marble altar of Elyvilon.
  9252 | D:8      | Found an ornate altar of the Wu Jian Council.
  9299 | D:8      | Identified the +2 pair of gloves of the Trombone {rElec
                  | MP+9 Int-2}
  9332 | D:8      | Found a transporter.
  9340 | D:8      | Found a transporter.
  9344 | D:8      | Noticed AgateBread's ghost (novice HOFi)
  9349 | D:8      | Identified the +4 scale mail "Gatairgh" {+Inv Will+ rCorr}
  9563 | D:9      | Found the +5 Storm Queen's Shield {shock, Fly rElec}
  9645 | D:9      | Noticed Erica
  9680 | D:9      | Reached XP level 10. HP: 86/86 MP: 10/10
  9691 | D:9      | Killed Erica
  9786 | D:9      | Reached skill level 9 in Long Blades
  9964 | D:9      | Found a transporter.
  9970 | D:9      | Noticed a two-headed ogre
  9976 | D:9      | Killed a two-headed ogre
 10166 | D:9      | Found a staircase to the Orcish Mines.
 10512 | D:9      | Gained mutation: You occasionally shout uncontrollably at
                  | your foes. [potion of mutation]
 10512 | D:9      | Gained mutation: You have large cloven feet. [potion of
                  | mutation]
 10512 | D:9      | Gained mutation: You are agile. (Dex +4, Str/Int -1)
                  | [potion of mutation]
 10512 | D:9      | Gained mutation: Your muscles are strong. (Str +4, Int/Dex
                  | -1) [potion of mutation]
 10520 | D:10     | Entered Level 10 of the Dungeon
 10524 | D:10     | Noticed a two-headed ogre
 10560 | D:9      | Killed a two-headed ogre
 10563 | D:9      | Reached skill level 10 in Long Blades
 10563 | D:9      | Reached XP level 11. HP: 43/94 MP: 5/11
 10599 | D:9      | Found a transporter.
 10883 | D:10     | Found a staircase to the Lair.
 10899 | D:10     | Identified the +6 mace of the Common Good {protect, Dex+5}
 11105 | Lair:1   | Entered Level 1 of the Lair of Beasts
 11228 | Lair:1   | Got the Opusculum on Hyperbolic Transmogrification
 11358 | Lair:1   | Reached skill level 11 in Long Blades
 11838 | Lair:1   | Reached XP level 12. HP: 89/104 MP: 10/12
 12154 | Lair:2   | Noticed a seven-headed hydra
 12161 | Lair:2   | Killed a six-headed hydra
 12779 | Lair:2   | Found a staircase to the Swamp.
 12887 | Lair:2   | Found a hole to the Spider Nest.
 12965 | Lair:2   | Found a blossoming altar of Fedhas.
 13045 | Lair:2   | Reached skill level 12 in Long Blades
 13053 | Lair:2   | Reached skill level 10 in Dodging
 13516 | Lair:3   | Noticed an eight-headed hydra
 13525 | Lair:3   | Killed a six-headed hydra
 13646 | Lair:3   | Reached skill level 10 in Fighting
 13780 | Lair:3   | Reached XP level 13. HP: 111/113 MP: 13/13
 13804 | Lair:3   | Identified the +4 cloak of the Game of Kings {rN+}
 14710 | Lair:4   | Found a staircase to the Slime Pits.
 14878 | Lair:4   | Reached skill level 13 in Long Blades
 15331 | Lair:4   | Identified the +10 dagger of Dealiwk {venom, Will+}
 15449 | Lair:5   | Entered Level 5 of the Lair of Beasts
 15607 | Lair:5   | Reached skill level 10 in Shields
 15949 | Lair:5   | Reached XP level 14. HP: 112/124 MP: 12/14
 16220 | Lair:5   | Reached skill level 14 in Long Blades
 16453 | Lair:5   | Found a stormy altar of Qazlal.
 16829 | Lair:5   | Reached skill level 10 in Short Blades
 17172 | Orc:1    | Entered Level 1 of the Orcish Mines
 17243 | Orc:1    | Found Wabb's Vocational Training.
 17432 | Orc:2    | Entered Level 2 of the Orcish Mines
 17450 | Orc:2    | Paralysed by an orc sorcerer for 2 turns
 17801 | Orc:2    | Found a staircase to the Elven Halls.
 17824 | Orc:2    | Found the +4 robe of Folly {Brill Will-∞ Int+8}
 18046 | Orc:1    | Found Tufoxem's General Store.
 18351 | Orc:2    | Noticed an orc warlord
 18626 | Orc:1    | Killed an orc warlord
 18775 | Orc:2    | Gained mutation: Your magical capacity is low. (-10% MP) [a
                  | neqoxec]
 19021 | Orc:2    | Found Tilim's General Store.
 19022 | Orc:2    | Found Los Huigg's Book Shoppe.
 19024 | Orc:2    | Found Lethrixao's Antique Armour Emporium.
 19024 | Orc:2    | Found Goimywn's Antique Weapon Emporium.
 19216 | Spider:1 | Entered Level 1 of the Spider Nest
 19569 | Spider:1 | Noticed a ghost moth
 19574 | Spider:1 | Killed a ghost moth
 19836 | Spider:1 | Noticed Josephine
 19836 | Spider:1 | Noticed an emperor scorpion
 19851 | Spider:1 | Reached skill level 15 in Long Blades
 19855 | Spider:1 | Reached XP level 15. HP: 129/131 MP: 13/13
 19867 | Spider:1 | Killed an emperor scorpion
 19881 | Spider:1 | Killed Josephine
 21948 | Spider:3 | Noticed an emperor scorpion
 21966 | Spider:3 | Killed an emperor scorpion
 22313 | Spider:3 | Noticed an emperor scorpion
 22323 | Spider:3 | Killed an emperor scorpion
 22576 | Spider:4 | Entered Level 4 of the Spider Nest
 22623 | Spider:4 | Noticed Arachne
 22623 | Spider:4 | Noticed an emperor scorpion
 22636 | Spider:4 | Killed Arachne
 22640 | Spider:4 | Killed an emperor scorpion
 22908 | Spider:4 | Noticed an emperor scorpion
 22922 | Spider:4 | Killed an emperor scorpion
 23229 | Spider:4 | Reached skill level 16 in Long Blades
 23300 | Spider:4 | Reached XP level 16. HP: 93/141 MP: 10/14
 23571 | Spider:4 | Found a transporter.
 23592 | Spider:4 | Found a transporter.
 23595 | Spider:4 | Noticed growler's ghost (adept MfTm)
 24541 | Spider:4 | Identified the +0 pair of boots of Gallantry {rC++ Regen+}
 24542 | Spider:4 | Identified the +1 pair of gloves of Spite {rN+ rCorr Str-2
                  | Dex+4}
 24577 | Spider:4 | Got a gossamer rune of Zot
 24766 | Swamp:1  | Entered Level 1 of the Swamp
 25053 | Swamp:1  | Noticed Louise
 25062 | Swamp:1  | Killed Louise
 25644 | Swamp:2  | Reached skill level 17 in Long Blades
 25644 | Swamp:2  | Reached skill level 15 in Dodging
 26076 | Swamp:3  | Identified Roxanne's Essays on Orogeny
 26076 | Swamp:3  | Noticed Roxanne
 26295 | Swamp:3  | Identified the +4 whip of Tegavoul {freeze, rCorr}
 26629 | Swamp:4  | Entered Level 4 of the Swamp
 26629 | Swamp:4  | Noticed a thorn hunter
 26649 | Swamp:4  | Killed a thorn hunter
 26650 | Swamp:4  | Reached XP level 17. HP: 132/151 MP: 12/15
 26683 | Swamp:4  | Got the Tractate on Gaseous Locality
 26750 | Swamp:4  | Found a runed translucent door.
 26751 | Swamp:4  | Found a shimmering altar of Xom.
 26751 | Swamp:4  | Noticed Oddbjorg's ghost (adept KoBe)
 26977 | Swamp:4  | Got a decaying rune of Zot
 26997 | Swamp:4  | Lost mutation: Your muscles are strong. (Str +4, Int/Dex
                  | -1) [potion of mutation]
 26997 | Swamp:4  | Lost mutation: You have large cloven feet. [potion of
                  | mutation]
 26997 | Swamp:4  | Gained mutation: You have hidden genetic potential. [potion
                  | of mutation]
 26997 | Swamp:4  | Gained mutation: You do not regenerate when monsters are
                  | visible. [potion of mutation]
 26998 | Swamp:4  | Lost mutation: You occasionally shout uncontrollably at
                  | your foes. [potion of mutation]
 26998 | Swamp:4  | Lost mutation: You are agile. (Dex +4, Str/Int -1) [potion
                  | of mutation]
 27135 | Swamp:4  | Paralysed by a fenstrider witch for 4 turns
 27143 | Swamp:4  | Paralysed by a fenstrider witch for 2 turns
 27412 | Swamp:4  | Lost mutation: Your magical capacity is low. (-10% MP)
                  | [potion of mutation]
 27412 | Swamp:4  | Lost mutation: You do not regenerate when monsters are
                  | visible. [potion of mutation]
 27412 | Swamp:4  | Lost mutation: You have hidden genetic potential. [potion
                  | of mutation]
 27412 | Swamp:4  | Gained mutation: You are frail. (-10% HP) [potion of
                  | mutation]
 27412 | Swamp:4  | Gained mutation: You have large cloven feet. [potion of
                  | mutation]
 27412 | Swamp:4  | Gained mutation: You have a somewhat thin skeletal
                  | structure. (Dex +2, Stealth+) [potion of mutation]
 27413 | Swamp:4  | Lost mutation: You are frail. (-10% HP) [potion of
                  | mutation]
 27413 | Swamp:4  | Lost mutation: You have a somewhat thin skeletal structure.
                  | (Dex +2, Stealth+) [potion of mutation]
 27413 | Swamp:4  | Lost mutation: You have large cloven feet. [potion of
                  | mutation]
 27413 | Swamp:4  | Gained mutation: You have an increased reservoir of magic.
                  | (+10% MP) [potion of mutation]
 27413 | Swamp:4  | Gained mutation: Your muscles are strong. (Str +4, Int/Dex
                  | -1) [potion of mutation]
 27702 | Elf:1    | Entered Level 1 of the Elven Halls
 27806 | Elf:1    | Found Qentamnaedy's Distillery.
 27850 | Elf:1    | Bought a potion of haste for 190 gold pieces
 27850 | Elf:1    | Bought a potion of haste for 190 gold pieces
 27850 | Elf:1    | Bought a potion of mutation for 152 gold pieces
 27850 | Elf:1    | Bought a potion of heal wounds for 95 gold pieces
 28022 | Elf:1    | Paralysed by an air elemental for 1 turns
 28507 | Elf:1    | Reached skill level 18 in Long Blades
 29282 | Elf:2    | Found Guis Qoa's Magic Scroll Emporium.
 29286 | Elf:2    | Found Laidumu's Book Emporium.
 29295 | Elf:2    | Bought a scroll of brand weapon for 114 gold pieces
 29304 | Elf:2    | Bought a manual of Fighting for 960 gold pieces
 29374 | Elf:2    | Reached XP level 18. HP: 161/161 MP: 19/19
 29532 | Elf:2    | Identified the +8 dagger of Zopho {pain, Int+6 SInv Stlth-}
 29961 | Elf:2    | Found a runed translucent gate.
 29962 | Elf:2    | Found a runed translucent gate.
 29962 | Elf:2    | Found a runed translucent gate.
 30181 | Elf:2    | Reached skill level 15 in Fighting
 30579 | Elf:3    | Entered Level 3 of the Elven Halls
 30626 | Elf:3    | Identified the +2 scimitar of Ashenzari's Delight {venom,
                  | Fly Dex+3}
 30734 | Elf:3    | Noticed a Tzitzimitl
 31158 | Elf:3    | Reached skill level 19 in Long Blades
 31391 | Elf:3    | Noticed a Tzitzimitl
 31634 | Elf:3    | Identified the staff of cold "Ogemutz" {rC+ rN+ Stlth+}
 31634 | Elf:3    | Identified the +6 chain mail "Diesison" {Int+3}
 31726 | Elf:3    | Identified the +6 rapier "Ynopsa" {spect, rPois Int+3}
 31883 | Elf:3    | Identified the staff of cold "Ukuurunn" {rF+ rC+ Will-
                  | Int+5}
 31929 | Elf:3    | Got the Handbook of the Ninety-Nine People
 31943 | Elf:3    | Identified the +5 great sword of Inflation {freeze, rElec
                  | Dex+2}
 32091 | Elf:3    | Identified the +10 shortbow "Useischy" {flame, rC++ rN++
                  | Str-2}
 32145 | Elf:3    | Identified the +6 rapier of Eplohiun {flame, rN+ Str+5
                  | Int+3 Dex+3}
 32327 | D:11     | Noticed Maurice
 32337 | D:11     | Killed Maurice
 32355 | D:11     | Got Qukiqefe's Spellbook of the Escort
 32550 | D:11     | Noticed Grum
 32576 | D:11     | Killed Grum
 33807 | D:13     | Reached XP level 19. HP: 172/172 MP: 20/20
 33951 | D:13     | Found Huchow's Assorted Antiques.
 33959 | D:13     | Bought a wand of polymorph (4) for 151 gold pieces
 33959 | D:13     | Bought a potion of heal wounds for 135 gold pieces
 34376 | D:13     | Found a gate to the Vaults.
 34618 | D:13     | Found a portal to a secret trove of treasure.
 35055 | D:14     | Found an opulent altar of Gozag.
 35059 | D:14     | Found Gozag's Platinum Reserve.
 35065 | D:14     | Noticed Jorgrun
 35098 | D:14     | Killed Jorgrun
 35166 | D:14     | Noticed Frances
 35186 | D:14     | Killed Frances
 36032 | D:15     | Entered Level 15 of the Dungeon
 36356 | D:15     | Found Medis's Assorted Antiques.
 36367 | D:15     | Bought a translucent scimitar for 261 gold pieces
 36367 | D:15     | Identified the +8 scimitar "Dusablo" {flame, SInv Stlth+}
                  | (You bought it in a shop on level 15 of the Dungeon)
 36388 | D:15     | Identified the +9 shortbow of Zuxuck {drain, Drain rPois
                  | rF++ MP+9}
 36448 | D:15     | Found a runed translucent door.
 36454 | D:15     | Noticed Wyiwo's ghost (adept FoFi)
 36467 | D:15     | Found a staircase to the Depths.
 36497 | D:15     | Killed Wyiwo's ghost
 36524 | D:15     | Identified the staff of poison "Xaxoac" {rPois rCorr MP-9
                  | Str+3 SInv}
 36525 | D:15     | Identified the ring of Julerez {rN+ Will+ Str+6 Dex-2}
 36751 | Depths:1 | Entered Level 1 of the Depths
 36844 | Depths:1 | Found a shimmering blue altar of Sif Muna.
 36983 | Depths:1 | Found a white marble altar of Elyvilon.
 37092 | Depths:1 | Found a gateway to Hell.
 37127 | Depths:1 | Reached skill level 20 in Long Blades
 37264 | Depths:1 | Reached skill level 1 in Stealth
 37289 | Depths:1 | Found Wihad's Armour Boutique.
 37352 | Depths:1 | Reached skill level 1 in Evocations
 37982 | Depths:2 | Reached XP level 20. HP: 126/184 MP: 14/22
 38047 | Depths:2 | Reached skill level 15 in Shields
 38128 | Abyss:2  | Cast into level 2 of the Abyss (a wizard)
 38373 | Abyss:3  | Noticed a bone dragon
 38384 | Abyss:3  | Killed a bone dragon
 38415 | Abyss:3  | Found a corrupted altar of Lugonu.
 38479 | Abyss:3  | Found a corrupted altar of Lugonu.
 38535 | Depths:2 | Escaped the Abyss
 38745 | Depths:2 | Found a one-way gate leading to the halls of Pandemonium.
 39311 | Depths:2 | Noticed a caustic shrike
 39319 | Depths:2 | Killed a caustic shrike
 39357 | Depths:2 | Identified the ring "Viajat" {Ice rPois rCorr}
 39364 | Depths:2 | Identified the ring "Ydap Gyuj" {rF+ Str+6 Int+2}
 39383 | Depths:2 | Identified the ring "Jinall" {Ice rN+ rCorr}
 39450 | Depths:2 | Identified the amulet of Conformity {rPois rN+ Regen+ Int+4
                  | SInv}
 39872 | Depths:3 | Identified the +5 glaive of Desertification {holy, Fragile
                  | rN+ Dex+3 SInv}
 39899 | Depths:3 | Reached skill level 15 in Short Blades
 40123 | Depths:3 | Found a hazy altar of Hepliaklqana.
 40200 | Depths:3 | Found a one-way gate to the infinite horrors of the Abyss.
 40483 | Depths:3 | Found Wiuj's Elemental Accessories.
 40650 | Depths:3 | Paralysed by a floating eye for 3 turns
 40764 | Depths:3 | Reached XP level 21. HP: 195/195 MP: 23/23
 40782 | Depths:3 | Reached skill level 21 in Long Blades
 41197 | Vaults:1 | Entered Level 1 of the Vaults
 41305 | D:13     | You paid a toll of 6 scrolls of fear to enter a treasure
                  | trove
 41306 | Trove    | Entered a treasure trove
 41306 | Trove    | Found the necklace of Bloodlust {Fury *Rage Will++ Int-3
                  | Slay+6}
 41308 | Trove    | Identified the ring of the Equinox {rElec rF+++ Str-3
                  | Dex+6}
 41332 | Trove    | Identified the ring "Jaberob" {rPois rC+ rN+}
 41347 | Trove    | Identified the ring of Biecec {*Slow rN+ rCorr SInv}
 41352 | Trove    | Identified the ring of Polytheism {rC++ EV+5}
 41369 | Trove    | Identified the ring of Panentheism {+Blink rN+ Will+ Int+6
                  | Dex-2}
 41371 | Trove    | Identified the ring "Ugotaar" {EV+5 Slay+3 Stlth+}
 41534 | Vaults:1 | Reached skill level 5 in Stealth
 41534 | Vaults:1 | Reached skill level 5 in Evocations
 42081 | Vaults:1 | Identified the +7 hand axe of Infection {freeze, Fragile
                  | rPois Dex+2}
 42486 | Vaults:1 | Got the Book of the Scorpion
 42980 | Vaults:2 | You are sucked into a shaft and drop 2 floors!
 43033 | Vaults:4 | Found Roavoy's Book Boutique.
 43042 | Vaults:4 | Bought a manual of Stealth for 1840 gold pieces
 43640 | Vaults:4 | Reached XP level 22. HP: 206/206 MP: 24/24
 44169 | Vaults:4 | Got the Parchment of Combative Creation
 44320 | Vaults:5 | Entered Level 5 of the Vaults
 44322 | Abyss:3  | Cast into level 3 of the Abyss (vault guard)
 44331 | Abyss:3  | Found a corrupted altar of Lugonu.
 44363 | Vaults:5 | Escaped the Abyss
 44539 | Vaults:5 | Reached skill level 10 in Stealth
 44781 | Vaults:5 | Lost mutation: Your muscles are strong. (Str +4, Int/Dex
                  | -1) [potion of mutation]
 44781 | Vaults:5 | Lost mutation: You have an increased reservoir of magic.
                  | (+10% MP) [potion of mutation]
 44781 | Vaults:5 | Gained mutation: You sometimes lose your temper in combat.
                  | [potion of mutation]
 44781 | Vaults:5 | Gained mutation: You are agile. (Dex +4, Str/Int -1)
                  | [potion of mutation]
 44782 | Vaults:5 | Lost mutation: You sometimes lose your temper in combat.
                  | [potion of mutation]
 44782 | Vaults:5 | Lost mutation: You are agile. (Dex +4, Str/Int -1) [potion
                  | of mutation]
 44782 | Vaults:5 | Gained mutation: You are weak. (Str -2) [potion of
                  | mutation]
 44782 | Vaults:5 | Gained mutation: You are robust. (+10% HP) [potion of
                  | mutation]
 44783 | Vaults:5 | Lost mutation: You are weak. (Str -2) [potion of mutation]
 44783 | Vaults:5 | Lost mutation: You are robust. (+10% HP) [potion of
                  | mutation]
 44783 | Vaults:5 | Gained mutation: You are weak. (Str -2) [potion of
                  | mutation]
 44783 | Vaults:5 | Gained mutation: You are covered in fur. (AC +1) [potion of
                  | mutation]
 44784 | Vaults:5 | Lost mutation: You are covered in fur. (AC +1) [potion of
                  | mutation]
 44784 | Vaults:5 | Lost mutation: You are weak. (Str -2) [potion of mutation]
 44784 | Vaults:5 | Gained mutation: You passively map a small area around you.
                  | [potion of mutation]
 44784 | Vaults:5 | Gained mutation: Your tail ends in a venomous barb. [potion
                  | of mutation]
 44837 | Vaults:5 | Noticed Bai Suzhen
 44857 | Vaults:5 | Killed Bai Suzhen
 45096 | Vaults:5 | Identified the +10 whip "Gome" {speed, *Rage rF++ rC+
                  | Int+3}
 45209 | Vaults:5 | Found Poadutil's Distillery.
 45305 | Vaults:5 | Identified the staff of fire "Boygebitt" {*Slow rElec rPois
                  | rF+ Stlth+}
 45349 | Vaults:5 | Noticed an ancient lich
 45363 | Vaults:5 | Killed an ancient lich
 45443 | Vaults:5 | Identified the +5 rapier of Midwinter {venom, Drain rElec
                  | Str+6}
 45466 | Vaults:5 | Identified the +0 cloak of Hupaij {rElec rF+}
 45609 | Vaults:5 | Identified the ring of Accord {Will+ MP+9 EV+5}
 45789 | Vaults:5 | Found the +15 Maxwell's patent armour {-Cast -Tele rElec
                  | Will+ rCorr}
 45830 | Vaults:5 | Identified the +2 glaive of Kuuchon {holy, rF+ Int+3 Dex+4}
 45889 | Vaults:5 | Identified the staff of death "Joit" {rN+ Will+}
 45981 | Vaults:5 | Reached XP level 23. HP: 215/215 MP: 23/23
 46019 | Vaults:5 | Reached skill level 22 in Long Blades
 46259 | Vaults:5 | Identified the +0 chain mail of Pocuceg {Int+3}
 46261 | Vaults:5 | Got a silver rune of Zot
 46503 | Vaults:3 | Found a runed translucent gate.
 46503 | Vaults:3 | Found a runed translucent gate.
 46503 | Vaults:3 | Found a runed translucent gate.
 46672 | Vaults:3 | Noticed Boris
 46689 | Vaults:3 | Killed Boris
 47015 | Vaults:3 | Found a staircase to the Crypt.
 47672 | Vaults:3 | Noticed erynZofia's ghost (adept MiBe)
 47672 | Vaults:3 | Identified the +5 plate armour of Generosity {rPois}
 47672 | Vaults:3 | Identified the +0 kite shield of Patience {rElec Str-5 SInv
                  | Stlth+}
 47676 | Vaults:3 | Identified the ring of Balance {rElec MP+9 Str+3}
 47709 | Vaults:3 | Killed erynZofia's ghost
 47825 | Vaults:3 | Identified the +1 cloak "Durheneg" {Rampage rElec rN++
                  | Int-4}
 47826 | Vaults:3 | Identified the +3 long sword of Wariness {flame, Dex+3
                  | SInv}
 47830 | Vaults:3 | Identified the +4 ring mail "Keichuir" {rElec Int+4}
 48091 | Vaults:2 | Identified a scroll of acquirement
 48114 | Vaults:2 | Acquired a +4 double sword of protection
 48418 | Vaults:2 | Identified the +9 whip "Fask" {protect, rCorr Int+3}
 48453 | Vaults:2 | Paralysed by a great orb of eyes for 3 turns
 49413 | Depths:4 | Entered Level 4 of the Depths
 49447 | Depths:4 | Reached skill level 15 in Stealth
 49768 | Depths:4 | Found a gate to the Realm of Zot.
 49892 | Depths:4 | Found a one-way gateway to a ziggurat.
 50495 | Depths:4 | Learned a level 2 spell: Blink
 50567 | Zot:1    | Entered Level 1 of the Realm of Zot
 50583 | Zot:1    | Reached skill level 1 in Translocations
 50678 | Zot:1    | Reached skill level 1 in Spellcasting
 50691 | Zot:1    | Reached XP level 24. HP: 212/226 MP: 24/25
 50846 | Zot:1    | Got the Precepts of Abhorrent Acts and Sidekicks
 50957 | Zot:1    | Reached skill level 5 in Translocations
 51911 | Zot:3    | Reached skill level 5 in Spellcasting
 52014 | Zot:3    | Reached skill level 1 in Ice Magic
 52695 | Zot:3    | Reached skill level 5 in Ice Magic
 52933 | Zot:4    | Reached skill level 10 in Translocations
 53085 | Zot:4    | Noticed Parghit
 53106 | Zot:4    | Reached XP level 25. HP: 199/233 MP: 33/34
 53131 | Zot:4    | Killed Parghit
 53190 | Zot:4    | Identified the amulet "Xaem" {rC+ Regen+}
 53403 | Zot:4    | Noticed a Killer Klown
 53424 | Zot:4    | HP: 9/233 [yellow draconian/glob of acid (18)]
 53429 | Zot:4    | Killed a Killer Klown
 54165 | Zot:5    | Entered Level 5 of the Realm of Zot
 54569 | Zot:5    | Bought a pair of embroidered boots for 292 gold pieces
 54574 | Zot:5    | Bought the -2 hat of the Alchemist {rElec rPois rF+ rC+ rN+
                  | Will+ rMut rCorr} for 660 gold pieces
 54574 | Zot:5    | Found the -2 hat of the Alchemist {rElec rPois rF+ rC+ rN+
                  | Will+ rMut rCorr}
 54635 | Zot:5    | Noticed a dread lich
 54682 | Zot:5    | Paralysed by a dread lich for 3 turns
 54687 | Zot:5    | Killed a dread lich
 54709 | Zot:5    | Noticed a Killer Klown
 54717 | Zot:5    | Noticed an orb of fire
 54718 | Zot:5    | Noticed an orb of fire
 54720 | Zot:5    | Noticed a dread lich
 54754 | Zot:5    | Noticed an orb of fire
 54776 | Zot:5    | Killed an orb of fire
 54783 | Zot:5    | Gained mutation: You are dopey. (Int -2) [an orb of fire]
 54787 | Zot:5    | Killed an orb of fire
 54850 | Zot:5    | Killed a dread lich
 54880 | Zot:5    | Noticed a Killer Klown
 54899 | Zot:5    | Killed a Killer Klown
 55108 | Zot:5    | Killed a Killer Klown
 55227 | Zot:5    | Gained mutation: You possess an exceptional clarity of
                  | mind. [an orb of fire]
 55230 | Zot:5    | Killed an orb of fire
 55329 | Zot:5    | Noticed an orb of fire
 55331 | Zot:5    | Noticed a Killer Klown
 55332 | Zot:5    | Noticed a Killer Klown
 55334 | Zot:5    | Noticed an orb of fire
 55335 | Zot:5    | Noticed a Killer Klown
 55338 | Zot:5    | Noticed a Killer Klown
 55344 | Zot:5    | Noticed a Killer Klown
 55361 | Zot:4    | Bought a twisted falchion for 296 gold pieces
 55361 | Zot:4    | Identified the +4 falchion "Pyadiun" {antimagic, Contam
                  | rPois rN++ Int+2} (You bought it in a shop on level 4 of
                  | the Realm of Zot)
 55720 | Slime:1  | Entered Level 1 of the Pits of Slime
 55907 | Slime:1  | Reached skill level 10 in Ice Magic
 56541 | Slime:1  | Learned a level 3 spell: Ozocubu's Armour
 56724 | Slime:2  | Reached skill level 1 in Conjurations
 56724 | Slime:2  | Reached skill level 1 in Air Magic
 57449 | Slime:4  | Reached skill level 10 in Spellcasting
 58051 | Slime:3  | Paralysed by a floating eye for 2 turns
 58060 | Slime:3  | Paralysed by a floating eye for 4 turns
 58073 | Slime:3  | Reached XP level 26. HP: 53/242 MP: 37/37
 58078 | Slime:3  | Paralysed by a floating eye for 3 turns
 58306 | Slime:5  | Entered Level 5 of the Pits of Slime
 58322 | Slime:5  | Noticed Dissolution
 58337 | Slime:5  | Killed Dissolution
 58415 | Slime:5  | Found a viscous altar of Jiyva.
 58417 | Slime:5  | Noticed the Royal Jelly
 58437 | Slime:5  | Paralysed by a floating eye for 2 turns
 58448 | Slime:5  | Killed the Royal Jelly
 58458 | Slime:5  | Paralysed by a floating eye for 4 turns
 58608 | Slime:5  | Identified the ring of the Sunfish {rPois rN+ MP+9 Dex+7}
 58677 | Slime:5  | Identified the staff of poison "Zomip" {rPois Int+3}
 58714 | Slime:5  | Identified the +1 leather armour of the Tick {Str+4}
 58732 | Slime:5  | Got a slimy rune of Zot
 58761 | Slime:5  | Identified the +5 long sword "Muiqicoti" {venom, Int+8}
 59374 | Crypt:1  | Entered Level 1 of the Crypt
 59412 | Crypt:1  | Reached skill level 5 in Air Magic
 59417 | Crypt:1  | Reached skill level 5 in Conjurations
 59586 | Crypt:1  | Noticed Saint Roka
 59624 | Crypt:1  | Killed Saint Roka
 60456 | Crypt:2  | Noticed Xtahua
 60470 | Crypt:2  | Killed Xtahua
 60651 | Crypt:2  | Noticed Jory
 60658 | Crypt:2  | Killed Jory
 61133 | Crypt:3  | Entered Level 3 of the Crypt
 61800 | Crypt:3  | Identified the +1 pair of boots of the Shining Light {rCorr
                  | Stlth+}
 61851 | Crypt:3  | Found an ancient bone altar of Kikubaaqudgha.
 61851 | Crypt:3  | Found a basalt altar of Yredelemnul.
 61953 | Crypt:3  | Got the Guidebook on Sepulchral Invitation
 61990 | Crypt:3  | Got the Cyclopedia of the Charnel House
 61991 | Crypt:3  | Identified the ring "Heqov" {rN+ Will+ Int+5}
 61991 | Crypt:3  | Identified the ring of Weotarog {rElec rN+}
 61997 | Crypt:3  | Identified the staff of air "Laper" {rElec rF+ MP+9 Str+3}
 62148 | Crypt:3  | Found a staircase to the Tomb.
 62311 | Tomb:1   | Entered Level 1 of the Tomb of the Ancients
 62383 | Tomb:1   | Identified the +6 short sword of Supomeirgh {antimagic, Fly
                  | rElec rF+++ Int-2}
 62494 | Tomb:1   | Noticed a royal mummy
 62503 | Tomb:1   | Noticed a royal mummy
 62507 | Tomb:1   | Killed a royal mummy
 62511 | Tomb:1   | Noticed Boris
 62731 | Tomb:1   | Killed Boris
 62841 | Tomb:1   | Lost mutation: You possess an exceptional clarity of mind.
                  | [potion of mutation]
 62841 | Tomb:1   | Lost mutation: You are dopey. (Int -2) [potion of mutation]
 62841 | Tomb:1   | Lost mutation: You passively map a small area around you.
                  | [potion of mutation]
 62841 | Tomb:1   | Gained mutation: Your system is resistant to poisons.
                  | (rPois) [potion of mutation]
 62841 | Tomb:1   | Gained mutation: You have a pair of small antennae on your
                  | head. [potion of mutation]
 62842 | Tomb:1   | Lost mutation: You have a pair of small antennae on your
                  | head. [potion of mutation]
 62842 | Tomb:1   | Lost mutation: Your tail ends in a venomous barb. [potion
                  | of mutation]
 62842 | Tomb:1   | Gained mutation: You are partially covered in large bone
                  | plates. (SH +4) [potion of mutation]
 62843 | Tomb:1   | Lost mutation: You are partially covered in large bone
                  | plates. (SH +4) [potion of mutation]
 62843 | Tomb:1   | Lost mutation: Your system is resistant to poisons. (rPois)
                  | [potion of mutation]
 62843 | Tomb:1   | Gained mutation: You passively dampen the noise of your
                  | surroundings. [potion of mutation]
 62843 | Tomb:1   | Gained mutation: Your system is resistant to poisons.
                  | (rPois) [potion of mutation]
 62844 | Tomb:1   | Lost mutation: Your system is resistant to poisons. (rPois)
                  | [potion of mutation]
 62844 | Tomb:1   | Lost mutation: You passively dampen the noise of your
                  | surroundings. [potion of mutation]
 62844 | Tomb:1   | Gained mutation: You are agile. (Dex +4, Str/Int -1)
                  | [potion of mutation]
 62844 | Tomb:1   | Gained mutation: You sometimes lose your temper in combat.
                  | [potion of mutation]
 62844 | Tomb:1   | Gained mutation: Your tail ends in a venomous barb. [potion
                  | of mutation]
 62845 | Tomb:1   | Lost mutation: You sometimes lose your temper in combat.
                  | [potion of mutation]
 62845 | Tomb:1   | Lost mutation: You are agile. (Dex +4, Str/Int -1) [potion
                  | of mutation]
 62845 | Tomb:1   | Lost mutation: Your tail ends in a venomous barb. [potion
                  | of mutation]
 62845 | Tomb:1   | Gained mutation: Your spells are a little easier to cast,
                  | but a little less powerful. [potion of mutation]
 62846 | Tomb:1   | Lost mutation: Your spells are a little easier to cast, but
                  | a little less powerful. [potion of mutation]
 62846 | Tomb:1   | Gained mutation: Your body sometimes deteriorates upon
                  | taking damage. [potion of mutation]
 62846 | Tomb:1   | Gained mutation: You have a pair of small horns on your
                  | head. [potion of mutation]
 62846 | Tomb:1   | Gained mutation: You are agile. (Dex +4, Str/Int -1)
                  | [potion of mutation]
 62931 | Tomb:1   | Killed a royal mummy
 63012 | Tomb:1   | Identified the +4 scale mail of Nirasua {rElec rC- MP+9
                  | Int-3}
 63020 | Tomb:1   | Reached skill level 1 in Hexes
 63020 | Tomb:1   | Reached XP level 27. HP: 248/248 MP: 39/39
 63357 | Tomb:1   | Noticed a royal mummy
 63367 | Tomb:1   | Killed a royal mummy
 63584 | Tomb:1   | Learned a level 5 spell: Freezing Cloud
 63589 | Tomb:1   | Learned a level 4 spell: Manifold Assault
 63658 | Tomb:2   | Noticed a royal mummy
 63659 | Tomb:2   | Noticed a royal mummy
 63659 | Tomb:2   | Noticed a royal mummy
 63660 | Tomb:2   | Reached skill level 5 in Hexes
 63661 | Tomb:2   | Noticed a royal mummy
 63661 | Tomb:2   | Noticed a royal mummy
 63871 | Tomb:3   | Entered Level 3 of the Tomb of the Ancients
 63887 | Tomb:3   | Noticed a royal mummy
 63891 | Tomb:3   | Noticed a royal mummy
 63896 | Tomb:3   | Noticed a royal mummy
 63896 | Tomb:3   | Noticed a royal mummy
 63909 | Tomb:3   | Killed a royal mummy
 63916 | Tomb:3   | Killed a royal mummy
 63925 | Tomb:3   | Killed a royal mummy
 63987 | Tomb:3   | Identified the ring "Plog" {rElec rPois SInv}
 63990 | Tomb:3   | Identified the +0 robe of a ziggurat {Rampage rF+ Will+
                  | Str-4}
 63991 | Tomb:3   | Identified the ring of Cosil {AC+4 Dex+3}
 63993 | Tomb:3   | Identified the +1 tower shield of the Barnacle {+Inv rCorr}
 64007 | Tomb:3   | Noticed a royal mummy
 64019 | Tomb:3   | Noticed a royal mummy
 64022 | Tomb:3   | Noticed a royal mummy
 64030 | Tomb:3   | Noticed a royal mummy
 64039 | Tomb:3   | Killed a royal mummy
 64039 | Tomb:3   | Gained mutation: Your magical capacity is low. (-10% MP)
                  | [mutagenic glow]
 64058 | Tomb:3   | Lost mutation: You are agile. (Dex +4, Str/Int -1)
                  | [mutagenic glow]
 64066 | Tomb:3   | Gained mutation: Your magical capacity is very low. (-20%
                  | MP) [mutagenic glow]
 64227 | Tomb:3   | Got the Folio of Moving Aeromancy
 64259 | Tomb:3   | Identified the +2 trident of Enovafapp {spect, rN++ MP+9
                  | Str+3}
 64476 | Tomb:3   | Identified the staff of death "Ofiritsena" {Fragile rN+
                  | Str+3 SInv}
 64497 | Tomb:3   | Identified the +8 glaive of an ossuary {drain, Fly Stlth+}
 64592 | Tomb:3   | Got a golden rune of Zot
 64657 | Tomb:3   | Killed a royal mummy
 64665 | Tomb:3   | Killed a royal mummy
 65312 | Hell     | Entered the Vestibule of Hell
 65312 | Hell     | Noticed Geryon
 65347 | Hell     | Reached skill level 10 in Hexes
 65542 | Hell     | Killed Geryon
 65782 | Hell     | Found a gateway to the Iron City of Dis.
 65806 | Dis:1    | Entered Level 1 of the Iron City of Dis
 65839 | Dis:1    | Lost mutation: Your magical capacity is very low. (-20% MP)
                  | [potion of mutation]
 65839 | Dis:1    | Lost mutation: Your body sometimes deteriorates upon taking
                  | damage. [potion of mutation]
 65839 | Dis:1    | Lost mutation: Your magical capacity is low. (-10% MP)
                  | [potion of mutation]
 65839 | Dis:1    | Gained mutation: Your tail ends in a venomous barb. [potion
                  | of mutation]
 65839 | Dis:1    | Gained mutation: You have large cloven feet. [potion of
                  | mutation]
 65839 | Dis:1    | Gained mutation: You are agile. (Dex +4, Str/Int -1)
                  | [potion of mutation]
 66986 | Dis:4    | Reached skill level 15 in Hexes
 67478 | Dis:6    | Slain by an iron golem

Illustrated notes

Levels and vault maps discovered:
D:1:      onia_arrival_mini_spirals, layout_basic, minmay_misc_feat_encased,
          hangedman_abyss_or_decor_stabs
D:2:      layout_loops_corners, serial_shops, nicolae_shop_overgrown_old_shop
D:3:      layout_loops_ring
D:4:      cheibrodos_quashed, layout_basic, gammafunk_temple_overflow_forgotten,
          chequers_avenue, minivault_4, grunt_ministairs_12
D:5:      layout_basic, grunt_temple_overflow_opulence,
          minmay_temple_entry_large_hall, minmay_misc_feat_cross, st_stairs_3,
          uniq_blork_the_orc
D:6:      layout_basic
D:7:      layout_loops_cross, centaur_isle, uniq_menkaure, uniq_maggie,
          uniq_crazy_yiuf_cottage
D:8:      layout_cave_pools, kennysheep_mini_moat, nzn_wu_jian_contemplation,
          gammafunk_ghost_gnarly_gnolls
D:9:      layout_long_grid, orc_0_dummy, minmay_misc_feat_chi,
          nicolae_diode_stairs, uniq_erica
D:10:     layout_big_octagon, minmay_lair_entry_grove
D:11:     layout_rooms, uniq_maurice, uniq_grum
D:12:     layout_irregular_city
D:13:     minmay_thinvault, layout_irregular_city,
          lightli_vaults_fourway_checkpoint, serial_shops, shop, enter_trove_5
D:14:     layout_loops_corners, nicolae_gozag_zags_fifth_avenue, serial_rivers,
          chequers_serial_rivers_marsh, chequers_serial_rivers_micro_a,
          chequers_serial_rivers_micro_b, chequers_serial_rivers_room_b,
          uniq_jorgrun, uniq_frances
D:15:     hangedman_depths_entry_civil_slaughter, layout_long_grid,
          ebering_ghost_reflecting_pool, serial_shops, shop, serial_park_avenue1
Temple:   regret_index_temple_generic_petals
Lair:1:   layout_cave_pods, grunt_megastairs_5, lemuel_fruit_fields,
          infiniplex_staircase_pool_2
Lair:2:   layout_gridlike, minmay_swamp_entry_worms, spider_nest_entry_a,
          tgw_fedhas, infiniplex_staircase_pool
Lair:3:   nzn_winding_woodlands_cross [nzn_winding_woodlands_5x15_longhouse,
          nzn_winding_woodlands_5x15_crooked, nzn_winding_woodlands_5x15_parted,
          nzn_winding_woodlands_5x15_garden,
          nzn_winding_woodlands_15x15_five_gardens], layout_cellular_growth
Lair:4:   lemuel_reptile_caves, layout_gridlike, nicolae_slime_entry_slimehenge,
          lookout_lair_type
Lair:5:   hangedman_lair_tendril_chambers, layout_cave_pods,
          hangedman_lair_caniforms_friends, basic_altar, serial_bayou_shore_a
Swamp:1:  layout_basic_swamp, nicolae_swamp_treefoil, uniq_louise
Swamp:2:  layout_basic_swamp, serial_swamp_ruin, evilmike_swamp_ruin_house_5,
          evilmike_swamp_ruin_house_2, evilmike_swamp_ruin_house_4
Swamp:3:  layout_basic_swamp, nicolae_swamp_ascending_descending, swamp_pool1,
          uniq_roxanne
Swamp:4:  swamp_alternative, layout_basic_swamp, ebering_ghost_xom
Spider:1: layout_spider_delve, uniq_josephine
Spider:2: nicolae_spider_brood_tunnel
Spider:3: layout_cave_pods
Spider:4: spider_rune_water, gammafunk_ghost_mausoleum,
          nicolae_spider_jagged_tunnels, uniq_arachne
Slime:1:  cheibrodos_slime_lost_civilization_3, layout_caves
Slime:2:  layout_caves
Slime:3:  layout_caves
Slime:4:  layout_caves
Slime:5:  uniq_dissolution
Orc:1:    layout_caves, serial_shops, shop, nicolae_volcano_entry_two_sided,
          nicolae_shop_vocational
Orc:2:    st_orc_congregation, layout_caves, dreamdust_deal_with_the_devil
Elf:1:    minmay_elf_arrival_summoners, layout_geoelf_grid, serial_shops, shop,
          hangedman_elven_crosses_minicolossus, grunt_ministairs_10,
          feat_on_display, grunt_megastairs_4
Elf:2:    nicolae_elf_blades_crystal_corner, layout_loops_corners,
          nicolae_wooded_promenade, st_stairs_11
Elf:3:    minmay_elf_hall_not_hex, layout_loops_cross,
          minmay_checkered_concentric_circles
Vaults:1: nicolae_vaults_diamond_2, nicolae_vaults_octothorpe, v_misc_32,
          nicolae_vaults_network_star, vaults_mumra_chevron,
          nicolae_vaults_trapezoid_lopsided_2, ontoclasm_vaults_eye,
          vaults_mumra_lcd, nicolae_vaults_ellipses_ellipsis,
          nicolae_vaults_tetromino_T_1, vaults_room_semicircle,
          layout_vaults_ring, serial_hangedman_research,
          hangedman_research_toxicology
Vaults:2: portal_desolation_entry_ruin, ontoclasm_vaults_ring_square,
          nicolae_vaults_tangent_ellipses, vaults_room_fours,
          nicolae_vaults_tetromino_L_1, nicolae_vaults_doubleplus_tesselated,
          ontoclasm_vaults_ligature, v_misc_22, vaults_standard_mumra_x,
          hangedman_vaults_cutoff, vaults_room_fours, layout_vaults_omnigrid
Vaults:3: biasface_ghost_orc_armoury, nicolae_vaults_layer_cake_slice,
          nicolae_vaults_double_plus_3, minmay_crypt_entry_simple_sparse,
          nicolae_vaults_windows_and_doors_thing, hangedman_vaults_nails,
          v_rooms_5, nicolae_vaults_stepped_doors, vaults_room_door_ring,
          hangedman_vaults_maws, vaults_dpeg_cross,
          nicolae_vaults_double_plus_1, layout_vaults_omnicross, uniq_boris
Vaults:4: nicolae_vaults_network_barrier, hangedman_vaults_corner,
          hangedman_vaults_slither, nicolae_vaults_mini_display_case,
          hangedman_vaults_cutoff, nicolae_vaults_trapezoid_lopsided_1,
          nicolae_vaults_cornered_office, grunt_vaults_diagonal,
          vaults_room_grid, nicolae_vaults_ring_of_whatevers,
          ontoclasm_vaults_decontamination, v_misc_13, vaults_room_semicircle,
          layout_vaults_maze, serial_shops, nicolae_lakefront_shop
Vaults:5: serial_shops, uniq_bai_suzhen
Crypt:1:  layout_basic, lemuel_upstairs_altar, grunt_crypt_arrival_webbed,
          uniq_grunn, uniq_saint_roka
Crypt:2:  layout_chaotic_city, grunt_megastairs_1, uniq_xtahua, uniq_jory
Crypt:3:  lightli_unholy_cathedral, layout_chaotic_city,
          tomb_entry_moat_badplayer, serial_sigils_hangedman_quiver,
          st_stairs_13
Tomb:1
Tomb:2
Tomb:3
Depths:1: layout_gridlike, hangedman_geh_valley, nicolae_sif_muna_condensation,
          elyvilon_altar_5, minmay_shop_star
Depths:2: minmay_the_grid_triangle_9x9_rhombus_thin
          [minmay_the_grid_triangle_9x9_odd_lines,
          minmay_the_grid_triangle_9x9_prize_special,
          minmay_the_grid_triangle_9x9_skeleton,
          minmay_the_grid_triangle_9x9_minimal], layout_cave_pools,
          grunt_decor_junction, hell_entry, grunt_pan_entry_zigzag
Depths:3: nicolae_hexawheel, layout_gridlike, nicolae_hepliaklqana_hippocampus,
          abyss_entry, hell_entry, nicolae_elemental_shop,
          minmay_misc_feat_doors, infiniplex_staircase_zigzag_3
Depths:4: evilmike_zot_entry_argh, layout_cave_pools, enter_ziggurat_e,
          grunt_hell_entry_dis_mu, nicolae_concentric_dashed_squares_mild
Hell
Dis:1:    layout_gridville, nicolae_dis_grated_feature
Dis:2:    layout_subdivisions
Dis:3:    layout_overlapping_boxes
Dis:4:    layout_jigsaw, nicolae_dis_strange_trophy_room
Dis:5:    layout_jigsaw, nicolae_dis_metal_lava_thing
Dis:6:    layout_jigsaw, door_vault
Zot:1:    layout_misc_corridors
Zot:2:    layout_misc_corridors
Zot:3:    layout_basic
Zot:4:    kennysheep_bubbly, layout_concentric_octagons, uniq_parghit
Zot:5:    layout_gridlike, lemuel_baited_zot_trap, st_stairs_2

Skill      XL: |  1  2  3  4  5  6  7  8  9 10 11 12 13 14 15 16 17 18 19 20 21 22 23 24 25 26 27 |
---------------+----------------------------------------------------------------------------------+-----
Short Blades   | 1 2 3 4 5 6 7 8 9 10 11 12 13 14 15 16 | 16.9
Dodging        | 3 4 5 6 7 9 10 11 13 14 15 16 17 18 19 20 | 20.2
Long Blades    | 3 4 5 7 8 10 11 12 13 15 16 17 18 19 20 21 22 | 22.3
Fighting       | 4 5 6 7 8 9 10 11 12 13 14 16 17 18 19 20 | 20.6
Shields        | 4 5 6 7 8 9 10 11 12 13 14 15 16 17 | 17.3
Stealth        | 2 4 8 12 15 | 15.4
Evocations     | 2 4 6 8 9 |  9.5
Translocations | 2 10 12 | 12.2
Spellcasting   | 1 7 10 12 | 12.3
Ice Magic      | 5 10 12 | 12.3
Conjurations   | 3 8 |  8.4
Air Magic      | 3 8 |  8.4
Hexes          | 1 15 | 15.7

Action                     |  1- 3 |  4- 6 |  7- 9 | 10-12 | 13-15 | 16-18 | 19-21 | 22-24 | 25-27 || total
---------------------------+-------+-------+-------+-------+-------+-------+-------+-------+-------++-------
  Melee: Long sword        |    58 |       |       |       |       |       |       |       |       ||    58
         Tailslap          |     9 |    14 |    75 |    88 |   261 |   325 |   472 |   658 |   819 ||  2721
         Short sword       |    43 |   170 |   456 |    10 |       |       |       |       |       ||   679
         Scimitar          |       |       |       |   302 |   911 |  1230 |  1443 |    70 |       ||  3956
         Kick              |       |       |       |   139 |   485 |    79 |       |       |       ||   703
         Demon blade       |       |       |       |       |       |       |       |  1216 |       ||  1216
         Double sword      |       |       |       |       |       |       |       |   357 |  1935 ||  2292
         Headbutt          |       |       |       |       |       |       |       |       |   367 ||   367
  Throw: Throwing net      |       |       |     2 |       |       |     1 |       |       |       ||     3
   Cast: Blink             |       |       |       |       |       |       |       |     1 |     5 ||     6
         Manifold Assault  |       |       |       |       |       |       |       |       |    61 ||    61
         Freezing Cloud    |       |       |       |       |       |       |       |       |    11 ||    11
         Ozocubu's Armour  |       |       |       |       |       |       |       |       |    11 ||    11
 Invoke: Potion Petition   |       |       |       |       |       |       |     1 |     3 |     9 ||    13
         Call Merchant     |       |       |       |       |       |       |       |       |     5 ||     5
         Bribe Branch      |       |       |       |       |       |       |       |       |     2 ||     2
Ability: Breathe Fire      |       |       |    22 |     7 |    20 |    13 |    12 |    21 |    32 ||   127
  Evoke: Phial of floods   |       |       |       |       |       |     1 |       |       |       ||     1
    Use: Scroll            |       |     3 |       |    10 |     5 |    12 |     8 |     5 |    12 ||    55
         Potion            |       |       |     2 |     1 |       |     7 |     1 |     8 |    21 ||    40
   Stab: Sleeping          |       |     2 |       |     1 |       |       |    10 |    24 |    42 ||    79
         Distracted        |       |       |       |     1 |    22 |    16 |    19 |    23 |    38 ||   119
         Confused          |       |       |       |       |       |     3 |       |     4 |    22 ||    29
         Held in net/web   |       |       |       |       |       |     1 |       |       |       ||     1
         Petrified         |       |       |       |       |       |       |     2 |       |       ||     2
 Armour: Skin              |    21 |    41 |   126 |    42 |    80 |   103 |   126 |   122 |   156 ||   817
  Dodge: Dodged            |    56 |    57 |   183 |   176 |   388 |   570 |   693 |  1111 |  1282 ||  4516
  Block: Buckler           |    23 |    30 |    60 |       |       |       |       |       |       ||   113
         Kite shield       |       |       |    14 |   282 |   765 |   970 |  1103 |  1223 |  1688 ||  6045
Riposte: Short sword       |       |       |     9 |     2 |       |       |       |       |       ||    11
         Scimitar          |       |       |       |   130 |   332 |   376 |   453 |    29 |       ||  1320
         Demon blade       |       |       |       |       |       |       |       |   381 |       ||   381
         Double sword      |       |       |       |       |       |       |       |   115 |   792 ||   907
